Map: Odyssey LE

Players

PtitDrogo - Winner!

  • Race: Protoss Protoss
  • Spawn Location: 11:00

Avokado

  • Race: Terran Terran
  • Spawn Location: 5:00

Event: WCS Jonkoping 2017

VOD

Have the link to the VOD?

Description

Time

  • Played on: June 17, 2017, 7:13 a.m.
  • Length: 9:28

All games in this series

Show
View Real Time Build Order
Export as new Build Order

PtitDrogo Protoss - Winner!

Build Orders: 1 Gate Expand 

Get SALT Encoding   

  12  0:01  Probe (Chrono Boost)  
  13  0:11  Probe (Chrono Boost)  
  14  0:18  Pylon  
  14  0:22  Probe (Chrono Boost)  
  15  0:36  Probe (Chrono Boost), Gateway  
  15  0:41  Assimilator  
  16  0:46  Probe (Chrono Boost)  
  17  0:57  Probe (Chrono Boost)  
  18  1:08  Probe (Chrono Boost)  
  19  1:19  Nexus  
  19  1:30  Cybernetics Core  
  19  1:31  Probe (Chrono Boost)  
  20  1:37  Assimilator  
  20  1:42  Probe (Chrono Boost)  
  21  1:49  Pylon  
  21  1:52  Probe (Chrono Boost)  
  22  2:02  Warp Gate  
  22  2:03  Probe (Chrono Boost)  
  22  2:07  Adept (Chrono Boost)  
  25  2:14  Probe  
  26  2:26  Pylon  
  26  2:27  Probe  
  27  2:31  Probe, Adept (Chrono Boost)  
  30  2:38  Robotics Facility  
  30  2:41  Probe  
  30  2:43  Probe  
  32  2:54  Probe x2  
  34  3:05  Probe (Chrono Boost)  
  34  3:06  Probe (Chrono Boost)  
  36  3:17  Mothership Core (Chrono Boost)  
  36  3:18  Probe (Chrono Boost)  
  39  3:21  Gateway x2  
  39  3:26  Observer (Chrono Boost)  
  40  3:28  Probe  
  41  3:36  Probe  
  41  3:40  Probe  
  43  3:43  Pylon  
  43  3:46  Observer (Chrono Boost)  
  44  3:48  Probe (Chrono Boost)  
  44  3:52  Probe (Chrono Boost)  
  46  3:57  Twilight Council  
  46  3:58  Forge  
  46  4:02  Probe (Chrono Boost)  
  47  4:04  Pylon, Probe (Chrono Boost)  
  48  4:10  Assimilator  
  48  4:13  Probe (Chrono Boost), Assimilator  
  48  4:14  Probe (Chrono Boost)  
  48  4:15  Adept  
  48  4:16  Stalker, Adept  
  56  4:22  Pylon  
  56  4:23  Probe (Chrono Boost)  
  57  4:25  Probe (Chrono Boost)  
  57  4:27  Pylon  
  57  4:30  Protoss Ground Weapons Level 1 (Chrono Boost)  
  58  4:34  Probe (Chrono Boost)  
  58  4:36  Probe (Chrono Boost)  
  60  4:45  Resonating Glaives (Chrono Boost), Warp Prism  
  57  4:46  Probe  
  57  4:51  Probe  
  61  4:58  Probe  
  61  4:59  Sentry x2  
  66  5:04  Pylon, Nexus  
  66  5:11  Sentry  
  66  5:13  Probe x2  
  70  5:23  Gateway x2  
  70  5:26  Gateway  
  70  5:29  Stalker  
  70  5:35  Stalker  
  74  5:38  Probe  
  75  5:45  Probe  
  75  5:47  Gateway  
  76  5:50  Probe  
  78  5:57  Probe  
  78  6:00  Pylon  
  78  6:02  Probe  
  79  6:04  Immortal (Chrono Boost)  
  79  6:07  Blink (Chrono Boost)  
  79  6:09  Probe  
  84  6:14  Probe  
  84  6:15  Probe  
  86  6:21  Probe  
  87  6:26  Pylon, Probe  
  87  6:27  Probe  
  87  6:30  Pylon  
  87  6:32  Pylon  
  89  6:33  Probe  
  89  6:38  Probe, Immortal  
  89  6:39  Probe  
  92  6:43  Protoss Ground Armor Level 1 (Chrono Boost), Pylon  
  96  6:58  Probe  
  96  6:59  Probe  
  96  7:00  Assimilator  
  98  7:01  Assimilator  
  98  7:06  Adept x7  
  111  7:22  Probe  
  111  7:24  Immortal  
  111  7:27  Stalker x3  
  111  7:28  Adept x4  
  127  7:30  Probe x2  
  115  7:51  Adept x5  
  115  7:52  Adept x2  
  115  7:53  Probe x2  
  115  7:55  Robotics Bay  
  128  8:04  Nexus  
  128  8:08  Pylon  
  128  8:11  Pylon  
  128  8:12  Sentry  
  130  8:13  Adept x4  
  130  8:14  Stalker  
  130  8:15  Adept  
  142  8:33  Stalker  
  142  8:34  Stalker, Adept x2  
  146  8:35  Adept x2  
  146  8:40  Pylon  
  154  8:42  Pylon, Stalker  
  148  8:58  Stalker x2  
  148  8:59  Stalker x4  
  144  9:21  Adept  
  144  9:22  Adept x6  
Show
View Real Time Build Order
Export as new Build Order

Avokado Terran 

Build Orders: Liberator Opening, Reaper Expand, MMM Bio 

Get SALT Encoding   

  12  0:00  SCV  
  13  0:13  SCV  
  14  0:16  Supply Depot  
  14  0:25  SCV  
  14  0:28  Refinery  
  15  0:38  SCV  
  16  0:44  Barracks  
  16  0:50  SCV  
  17  1:02  SCV  
  18  1:14  SCV  
  19  1:31  Orbital Command  
  19  1:32  Reaper  
  20  1:42  Command Center  
  20  1:52  Factory  
  20  1:56  SCV  
  21  2:05  Barracks Reactor  
  21  2:08  SCV  
  21  2:09  Supply Depot  
  21  2:15  Refinery  
  22  2:20  SCV  
  23  2:33  SCV  
  24  2:40  Starport  
  24  2:43  Marine x2  
  26  2:45  Widow Mine  
  26  2:50  SCV  
  29  2:56  Orbital Command  
  28  3:01  Marine x2  
  28  3:02  SCV  
  31  3:13  Widow Mine  
  31  3:15  SCV  
  31  3:18  Marine x2  
  31  3:19  Medivac  
  38  3:21  SCV  
  38  3:26  Supply Depot  
  39  3:28  SCV  
  40  3:34  SCV  
  40  3:36  Marine x2  
  40  3:37  Liberator  
  40  3:41  SCV  
  44  3:43  Factory Tech Lab  
  44  3:46  SCV  
  45  3:49  Supply Depot  
  45  3:54  Marine x2  
  50  3:56  SCV  
  50  4:00  Supply Depot  
  51  4:07  Siege Tank  
  54  4:11  SCV  
  54  4:12  Marine x2  
  54  4:14  SCV  
  58  4:24  Supply Depot  
  58  4:29  SCV  
  58  4:30  Marine x2  
  56  4:39  Siege Tank  
  56  4:45  SCV x2  
  58  4:47  Marine x2  
  58  4:50  Supply Depot  
  60  4:57  SCV x2, Command Center  
  62  5:05  Marine x2  
  64  5:08  Medivac  
  64  5:09  SCV  
  64  5:10  SCV  
  64  5:11  Siege Tank  
  64  5:13  Supply Depot  
  71  5:21  SCV  
  71  5:23  Marine x2  
  71  5:26  Refinery  
  71  5:27  Refinery  
  71  5:28  Barracks  
  74  5:30  Barracks  
  74  5:33  SCV  
  75  5:37  Supply Depot  
  75  5:38  Engineering Bay  
  75  5:42  Engineering Bay  
  75  5:43  SCV  
  75  5:46  Starport Reactor  
  76  5:53  SCV  
  74  5:58  Factory Reactor  
  74  6:00  SCV  
  74  6:03  Marine, Barracks  
  76  6:05  Stimpack, SCV, Barracks  
  76  6:06  Terran Infantry Weapons Level 1  
  76  6:09  Orbital Command  
  77  6:11  Terran Infantry Armor Level 1  
  77  6:17  Barracks Reactor  
  77  6:19  Barracks Tech Lab  
  77  6:20  SCV x2  
  77  6:22  Marine  
  80  6:30  Missile Turret  
  80  6:32  SCV, Missile Turret  
  81  6:33  SCV  
  83  6:43  Marauder x2, Combat Shields  
  83  6:44  SCV, Widow Mine x2  
  83  6:45  SCV  
  92  6:48  Medivac  
  94  6:57  SCV x2  
  96  7:02  Missile Turret  
  96  7:05  Missile Turret  
  96  7:06  Marauder, Marine x2  
  99  7:09  SCV x2  
  99  7:10  Marauder, Marine  
  100  7:15  Marine  
  100  7:17  Marine  
  100  7:19  Orbital Command  
  100  7:21  SCV  
  96  7:23  Marine  
  96  7:24  Marine  
  96  7:26  Marine  
  96  7:28  Marine  
  89  7:31  SCV  
  89  7:32  Marauder  
  89  7:33  Marine  
  89  7:36  Marine  
  92  7:41  Marine  
  92  7:42  Marine  
  86  7:45  Marauder  
  84  7:53  Marauder  
  84  7:55  Marine  
  84  7:58  SCV  
  88  7:59  SCV  
  89  8:06  Marauder, Orbital Command, Marine  
  89  8:09  Marine, Concussive Shells  
  89  8:10  SCV, Medivac  
  89  8:12  Barracks Tech Lab  
  96  8:14  SCV  
  96  8:15  Marauder  
  99  8:20  Marine  
  99  8:22  SCV  
  99  8:25  Medivac  
  99  8:26  SCV  
  104  8:27  Marine  
  104  8:28  Marauder, Marine  
  104  8:30  Widow Mine  
  110  8:36  Marauder  
  110  8:37  SCV  
  110  8:38  Armory  
  113  8:49  Marauder x2  
  101  8:56  Marine x3  
  101  8:57  Marauder  
  101  8:58  Widow Mine  
  101  8:59  Marine, Widow Mine, Orbital Command  
  95  9:10  Marine  
Tags
 
Add a new tag
Caveats
  • Supply blocks, unpowered buildings, or Contaminate may cause inaccurate times.
  • Supply counts are checked every 10 seconds.